AoeStats
← Adamer64

Nomad

509638979Analyzed
4v4 RM · 5d ago on Sep 27, 2026· 49m 6s· 8 players
Game mode
Random Map
Map size
231×231
Population
200
Speed
Normal
Resources
Standard
Victory
Conquest
Starting age
Dark Age
Ending age
Imperial Age
RankedLock teamsTeams togetherTeam positionsShared explorationLock speedFull tech treeHidden civsTurbo modeCheats
Victory
Defeat
🇵🇱 Malay · Poland
1011
+15
🇪🇸 Romans · Spain
996
+15
🇸🇰 Bulgarians · Slovakia
986
+16
🇷🇺 Japanese · Russia
971
+16
🇦🇷 Mongols · Argentina
1101
-20
🇨🇴 Vietnamese · Colombia
989
-16
🇦🇷 Franks · Argentina
938
-14
🇵🇪 Burgundians · Peru
897
-12
fran135
13:34 Feudal Age
14:18 Man-at-Arms
15:44 Forging
15:35 Scale Mail Armor
20:59 Castle Age
22:23 Horse Collar
27:49 Fletching
28:17 Loom
28:40 Bodkin Arrow
29:39 Ballistas
30:11 Heavy Plow
30:01 Double-Bit Axe
31:51 Chain Mail Armor
32:11 Iron Casting
33:04 Wheelbarrow
32:14 Town Watch
34:01 Long Swordsman
34:42 Squires
35:17 Hand Cart
35:03 Town Patrol
38:58 Imperial Age
39:21 Legionary
40:39 Gold Mining
40:13 Heavy Scorpion
41:17 Bow Saw
41:54 Comitatenses
43:03 Blast Furnace
42:50 Siege Engineers
43:06 Ballistics
44:28 Gold Shaft Mining
44:54 Conscription
46:32 Chemistry
handelson.marcin
10:38 Loom
15:16 Feudal Age
15:02 Fishing Lines
15:23 Double-Bit Axe
21:01 Castle Age
28:11 Fletching
29:21 Medium Warships
29:44 Bodkin Arrow
38:11 Imperial Age
36:40 Husbandry
40:33 Pikeman
41:28 Forging
44:42 Scale Barding Armor
Adamer64
6:17 Loom
15:06 Feudal Age
18:53 Double-Bit Axe
22:46 Castle Age
20:40 Fletching
21:02 Fishing Lines
24:19 Scale Barding Armor
24:42 Bow Saw
25:33 Forging
27:56 Gold Mining
29:33 Stone Mining
31:12 Scale Mail Armor
33:07 Bloodlines
33:15 Chain Mail Armor
33:39 Iron Casting
34:05 Gambesons
34:38 Bodkin Arrow
36:10 Squires
36:50 Elite Skirmisher
38:19 Horse Collar
39:48 Padded Archer Armor
40:28 Leather Archer Armor
42:22 Wheelbarrow
43:06 Chain Mail Armor
43:20 Hand Cart
42:59 Town Watch
43:11 Arson
44:48 Pikeman
48:07 Imperial Age
45:55 Husbandry
48:53 Bracer
Gametofit
16:06 Feudal Age
16:45 Double-Bit Axe
16:52 Stone Mining
17:05 Man-at-Arms
17:32 Arson
18:01 Fishing Lines
19:03 Gold Mining
21:19 Forging
21:10 Scale Mail Armor
23:25 Castle Age
21:11 Horse Collar
23:01 Fletching
24:19 Wheelbarrow
24:32 Loom
27:47 Pikeman
28:28 Squires
29:05 Iron Casting
30:55 Bodkin Arrow
31:15 Chain Mail Armor
40:06 Hand Cart
40:33 Heavy Plow
45:47 Imperial Age
43:07 Town Watch
43:31 Gambesons
43:06 Long Swordsman
46:59 Gold Shaft Mining
46:55 Conscription
47:14 Capped Ram
48:59 Elite Samurai
TheCris
6:59 Loom
15:45 Feudal Age
20:46 Castle Age
19:42 Fishing Lines
19:52 Double-Bit Axe
21:16 Crossbowman
22:03 Thumb Ring
23:07 Fletching
24:18 Gillnets
24:46 Medium Warships
25:59 Pikeman
31:37 Forging
33:45 Horse Collar
35:42 Ballistics
38:27 Wheelbarrow
39:20 Bodkin Arrow
42:50 Imperial Age
41:16 Chatras
41:36 Bow Saw
41:27 Heavy Plow
42:07 Padded Archer Armor
45:38 Scale Barding Armor
45:58 Paper Money
46:32 Paper Money
PNAL | Bebeganzo
7:31 Loom
13:01 Feudal Age
13:27 Double-Bit Axe
21:01 Castle Age
18:54 Fletching
19:30 Gold Mining
23:50 Horse Collar
25:12 Pikeman
28:26 Squires
29:03 Bodkin Arrow
31:00 Husbandry
34:26 Bloodlines
34:37 Padded Archer Armor
35:34 Ballistics
36:38 Wheelbarrow
37:42 Thumb Ring
40:22 Nomads
42:12 Leather Archer Armor
47:07 Imperial Age
45:06 Nomads
46:35 Town Watch
48:22 Parthian Tactics
48:42 Bow Saw
49:39 Chemistry
49:26 Conscription
TroyMCclure6232
7:00 Loom
15:45 Feudal Age
19:27 Double-Bit Axe
24:37 Forging
24:33 Scale Barding Armor
27:54 Castle Age
32:00 Husbandry
35:39 Iron Casting
40:24 Wheelbarrow
39:36 Town Watch
48:44 Imperial Age
Zorrito del Sur
15:51 Feudal Age
15:05 Double-Bit Axe
16:17 Wheelbarrow
15:58 Gold Mining
15:50 Horse Collar
16:37 Town Watch
18:31 Stone Mining
21:27 Castle Age
19:35 Loom
22:16 Fishing Lines
25:24 Murder Holes
26:03 Masonry
26:16 Ballistics
35:31 Stone Shaft Mining
37:26 Fletching
37:19 Treadmill Crane
40:06 Gold Shaft Mining
39:39 Bodkin Arrow
47:52 Imperial Age
46:17 Padded Archer Armor
47:41 Leather Archer Armor
Connection lost

Rejoining the realm…

Still unreachable

The connection could not be restored.

Session expired

The server has moved on; the page needs a fresh start.